 Dungeon Crawl Stone Soup version 0.28.0-53-g5a82cb258f (webtiles) character file.

Game seed: 6420608586923707307

3609 Revguard the Shield-Bearer (level 9, 0/74 HPs)
             Began as a Demonspawn Fighter on June 16, 2022.
             Was a Follower of Makhleb.
             Succumbed to a gnoll sergeant's poison
             ... on level 8 of the Dungeon.
             The game lasted 00:18:32 (8499 turns).

Revguard the Shield-Bearer (Demonspawn Fighter)     Turns: 8499, Time: 00:18:33

Health: 0/74       AC: 14    Str: 19    XL:     9   Next: 86%
Magic:  13/13      EV: 17    Int: 10    God:    Makhleb [*.....]
Gold:   515        SH:  6    Dex: 14    Spells: 8/8 levels left

rFire   . . .      SeeInvis .   a - +1 war axe (vorpal)
rCold   . . .      Faith    .   c - +0 buckler
rNeg    . . .      Spirit   .   A - +1 ring mail {Will+}
rPois   .          Reflect  .   (helmet restricted)
rElec   .          Harm     .   (no cloak)
rCorr   .          Rampage  .   z - +1 pair of gloves
Will    +....      Rnd*Tele +   m - +1 pair of boots
Stlth   +.........              (no amulet)
HPRegen 0.22/turn               j - ring of flight
MPRegen 0.13/turn               (no ring)

@: agile, lethally poisoned (0 -> -21), flying, hasted, very quick
A: molten scales 2, powered by pain 1, spiny 1, weakness stinger 2, horns 1,
robust 1, teleportitis 1
a: Renounce Religion


You were on level 8 of the Dungeon.
You worshipped Makhleb.
Makhleb was aware of your devotion.
You visited 2 branches of the dungeon, and saw 9 of its levels.
You also visited: Sewer and Ossuary.

You collected 515 gold pieces.

Inventory:

Hand Weapons
 a - a +1 vorpal war axe (weapon)
Missiles
 g - a throwing net (quivered)
Armour
 c - a +0 buckler (worn)
 m - a +1 pair of boots (worn)
 v - a +0 helmet
 z - a +1 pair of gloves (worn)
 A - a +1 ring mail of willpower (worn)
Jewellery
 b - a +6 ring of dexterity
 j - a ring of flight (left hand)
Wands
 o - a wand of paralysis (11)
 u - a wand of digging (5)
 x - a wand of flame (7)
Scrolls
 k - a scroll of magic mapping
 l - 5 scrolls of teleportation
 p - a scroll of identify
 q - 2 scrolls of fear
 t - a scroll of holy word {unknown}
Potions
 d - 2 potions of might
 f - 2 potions of curing
 h - 2 potions of attraction
 n - 3 potions of flight
 r - 2 potions of brilliance
 s - a potion of berserk rage {unknown}


   Skills:
 + Level 5.5 Fighting
 * Level 6.2 Axes
 + Level 5.0 Armour
 + Level 4.1 Dodging
 * Level 6.8 Shields
 + Level 5.9 Invocations
 + Level 4.4 Evocations


You had 8 spell levels left.
You didn't know any spells.
Your spell library contained the following spells:

 Spells                   Type           Power      Damage    Failure   Level
 Pain                     Necr           0%         1d4       63%         1
 Tukima's Dance           Hex            0%         N/A       94%         3
 Anguish                  Hex/Necr       0%         N/A       100%        4
 Death Channel            Necr           0%         N/A       100%        6
 Enfeeble                 Hex            0%         N/A       100%        7
 Death's Door             Necr           0%         N/A       100%        9


Dungeon Overview and Level Annotations

Branches:
Dungeon (8/15)             Temple (1/1) D:6           Sewer (visited)
Ossuary (visited)
   Lair: D:8-11

Altars:
Ashenzari
Cheibriados
Elyvilon
Fedhas
Gozag
Hepliaklqana
Kikubaaqudgha
Makhleb
Nemelex Xobeh
Okawaru
Qazlal
Ru
Sif Muna
Trog
Uskayaw
Vehumet
Wu Jian
Xom
Yredelemnul
Zin
The Shining One
Ignis

Shops:
D:7 (:


Innate Abilities, Weirdness & Mutations

You are mostly covered in molten scales. (AC +3)
You sometimes gain a little power by taking damage.
You are partially covered in sharp spines.
You have a tail ending in a sharp stinger.
You have a pair of small horns on your head.
You are robust. (+10% HP)
You are occasionally teleported next to monsters.


Message History

You are poisoned.
You feel very sick.
The gnoll sergeant hits you with a +1 spear of venom.
You are more poisoned.
You hit the gnoll sergeant but do no damage.
The gnoll sergeant blocks your attack.
You feel very sick. The gnoll sergeant barely misses you.
The gnoll sergeant blocks your attack.
You feel very sick.
The gnoll sergeant is struck by your spines.
The gnoll sergeant hits you with a +1 spear of venom.
You are more poisoned.
The gnoll sergeant blocks your attack.
You headbutt the gnoll sergeant.
The gnoll sergeant is heavily wounded.
You feel extremely sick. The gnoll sergeant closely misses you.
You feel very sick. You block the gnoll's attack.
The gnoll hits you from afar with a +0 halberd!
The wight misses you. The gnoll misses you.
The gnoll sergeant hits you but does no damage.
You feel yourself speed up.
You feel very sick. The gnoll is struck by your spines.
The gnoll barely misses you. The gnoll closely misses you.
The wight hits you from afar with a +5 halberd of freezing!!
* * * LOW HITPOINT WARNING * * *
You focus on the pain.
You feel agile all of a sudden. The wight freezes you!
* * * LOW HITPOINT WARNING * * *
The gnoll is struck by your spines. The gnoll hits you but does no damage.
The gnoll sergeant hits you with a +1 spear of venom.
* * * LOW HITPOINT WARNING * * *
You are more poisoned.
Blink to where?
Press: ? - help, Dir - move target
As you read the scroll of blinking, it crumbles to dust.
You die...

≈≈≈≈.≈≈≈≈≈≈≈# ..#......'...#g..
≈≈≈≈≈≈≈≈≈≈###...#......#...#...
.....≈≈..####...#......#...#g..
≈.≈.............#......#.#.#g#.
....≈...........#......##.#.#.#
.............####......#.#g#†#.
.#####..#'####≈##.....)##.#.#.#
##......###≈#######)..#.#.#.
.....P.P...#@#.....#..#.#.#.#
......_.....≈......#...#.#.#.
.....P.P....≈......#..#.#.#.#
............≈......#z..#.#.#.
.....#.....#≈#....g#gg#.#.#.#
####+####'##≈#.....§gg.#.#.#.
#..####.####....#####.#.#.#
#........###.....# ####...
#................# #...


You could see a gnoll sergeant.

Vanquished Creatures
  The ghost of CInkIbrahim the Carver, a novice GrFi of Ashenzari (D:6)
  Sigmund (D:4)
  A steam dragon (D:6)
  Menkaure (D:7)
  A water moccasin (D:5)
  An orc warrior (D:8)
  A black bear (D:7)
  A sky beast (D:8)
  2 ogres
  4 phantoms
  3 kobold brigands
  2 bullfrogs
  A gnoll sergeant (D:6)
  3 scorpions
  A water moccasin skeleton (D:5)
  2 howler monkeys (D:7)
  A centaur zombie (Ossuary)
  3 orc priests
  3 hounds
  2 jellies
  2 centaur skeletons
  A gnoll shaman (D:5)
  A human zombie (Ossuary)
  2 bullfrog skeletons (D:5)
  3 iguanas
  7 orc wizards
  A scorpion zombie (D:5)
  A killer bee zombie (D:6)
  4 mummies
  A howler monkey zombie (D:5)
  15 gnolls
  8 adders
  5 river rats (Sewer)
  4 white imps
  3 worms
  5 dart slugs
  22 orcs
  4 ball pythons
  4 endoplasms
  5 giant cockroaches
  A gnoll zombie (Ossuary)
  6 goblins
  6 hobgoblins
  3 jackals (Sewer)
  13 kobolds
  A quokka (D:1)
  5 bats
  6 frilled lizards
  2 goblin zombies (Ossuary)
  A hobgoblin zombie (Ossuary)
  2 orc zombies (Ossuary)
  10 rats
189 creatures vanquished.

Vanquished Creatures (others)
  11 plants (Sewer)
  2 withered plants (D:6)
13 creatures vanquished.

Grand Total: 202 creatures vanquished

Notes
Turn   | Place    | Note
-------+----------+-------------------------------------------
     0 | D:1      | Revguard the Demonspawn Fighter began the quest for the
                  | Orb.
     0 | D:1      | Reached XP level 1. HP: 18/18 MP: 1/1
   152 | D:1      | Gained mutation: You are partially covered in molten
                  | scales. (AC +2) [demonic ancestry]
   152 | D:1      | Reached XP level 2. HP: 20/24 MP: 2/2
   651 | D:1      | Found a faded altar of an unknown god.
  1102 | D:2      | Gained mutation: You have a small tail. [demonic ancestry]
  1102 | D:2      | Reached XP level 3. HP: 29/29 MP: 3/3
  2207 | D:3      | Found a broken altar of Ashenzari.
  2248 | D:3      | Got the Tome of Evil
  2290 | D:3      | Reached skill level 1 in Invocations
  2301 | D:3      | Reached skill level 1 in Dodging
  2307 | D:3      | Gained mutation: You are partially covered in sharp spines.
                  | [demonic ancestry]
  2307 | D:3      | Reached XP level 4. HP: 34/35 MP: 4/4
  2391 | D:3      | Reached skill level 1 in Evocations
  2585 | D:3      | Found a glowing drain.
  2595 | Sewer    | Entered a sewer
  2678 | Sewer    | Reached XP level 5. HP: 35/41 MP: 6/6
  2939 | Sewer    | Reached XP level 6. HP: 43/47 MP: 7/7
  3701 | D:4      | Noticed Sigmund
  3711 | D:4      | Killed Sigmund
  3763 | D:4      | Gained mutation: You have a tail ending in a sharp stinger.
                  | [demonic ancestry]
  3763 | D:4      | Reached XP level 7. HP: 52/53 MP: 7/9
  3849 | D:4      | Found a snail-covered altar of Cheibriados.
  4319 | D:5      | Entered Level 5 of the Dungeon
  4416 | D:5      | Found a sand-covered staircase.
  4426 | Ossuary  | Entered an ossuary
  4838 | D:5      | Gained mutation: You sometimes gain a little power by
                  | taking damage. [demonic ancestry]
  4838 | D:5      | Reached XP level 8. HP: 54/60 MP: 10/10
  4918 | D:5      | Reached skill level 5 in Shields
  5892 | D:6      | Found a staircase to the Ecumenical Temple.
  5895 | D:6      | Reached skill level 5 in Axes
  5906 | Temple   | Entered the Ecumenical Temple
  6224 | Temple   | Became a worshipper of Makhleb the Destroyer
  6346 | D:6      | Found a runed translucent door.
  6363 | D:6      | Gained mutation: You are mostly covered in molten scales.
                  | (AC +3) [demonic ancestry]
  6363 | D:6      | Reached XP level 9. HP: 44/67 MP: 12/12
  6488 | D:6      | Reached skill level 5 in Fighting
  6609 | D:6      | Reached * piety under Makhleb
  6610 | D:6      | Reached skill level 5 in Invocations
  6675 | D:6      | Gained mutation: You are robust. (+10% HP) [potion of
                  | mutation]
  6675 | D:6      | Gained mutation: You have a pair of small horns on your
                  | head. [potion of mutation]
  6675 | D:6      | Gained mutation: You are occasionally teleported next to
                  | monsters. [potion of mutation]
  6859 | D:6      | Noticed CInkIbrahim's ghost (novice GrFi)
  7455 | D:6      | Killed CInkIbrahim's ghost
  7695 | D:7      | Noticed Menkaure
  7697 | D:7      | Killed Menkaure
  7729 | D:7      | Found an ornate altar of the Wu Jian Council.
  7764 | D:7      | Found Vegi's Antique Weapon Shop.
  7803 | D:7      | Found a stormy altar of Qazlal.
  7958 | D:7      | Found Dogell's Book Shoppe.
  8062 | D:7      | Identified the +1 flail of Qemm {vorpal, rElec Str+5}
  8075 | D:7      | Found a sacrificial altar of Ru.
  8311 | D:8      | Reached skill level 5 in Armour
  8340 | D:8      | Found a basalt altar of Yredelemnul.
  8498 | D:8      | HP: 3/74 [gnoll sergeant/+1 spear of venom (1)]
  8499 | D:8      | Succumbed to a gnoll sergeant's poison

Illustrated notes

Levels and vault maps discovered:
D:1:      heliophobic_arrival_glass_houses, layout_rooms,
          hellmonk_ecumenical_altar_zigzags
D:2:      layout_basic, chequers_serial_rivers_room_a
D:3:      layout_basic, evilmike_ruin_ashenzari, cheibrodos_sewer_entry_drain,
          minmay_circle_x
D:4:      layout_basic, mainiacjoe_overflow_alcove_4,
          mainiacjoe_overflow_small_starburst, minmay_goblin_kobold_house,
          uniq_sigmund
D:5:      minmay_skewed_foursquare, layout_loops_ring, elyvilon_altar_5,
          gup_ossuary_entry_pyramid
D:6:      layout_basic, minmay_temple_entry_stoned_glass, gammafunk_ghost_grave,
          grunt_ministairs_4
D:7:      layout_cave_pools, kennysheep_mini, lemuel_round_altar,
          nicolae_wu_jian_wuxing_cycle, zin_treasury, serial_shops,
          kennysheep_little_box, nicolae_shop_statue_plus, uniq_menkaure
D:8:      layout_gridville, yredelemnul_altar_generic, serial_rivers,
          chequers_serial_rivers_micro_e, chequers_serial_rivers_micro_a,
          chequers_serial_rivers_small_3, chequers_serial_rivers_large_a,
          chequers_serial_rivers_small_3, chequers_serial_rivers_small_3,
          minivault_23, minmay_between
Temple:   pdpol_scorched_temple

Skill      XL: |  1  2  3  4  5  6  7  8  9 |
---------------+----------------------------+-----
Axes           | 2 3 4 5 6 |  6.2
Shields        | 3 4 5 6 |  6.8
Invocations    | 1 2 3 4 5 |  5.9
Dodging        | 1 2 3 4 |  4.1
Armour         | 3 4 5 |  5.0
Evocations     | 1 2 3 4 |  4.4
Fighting       | 4 5 |  5.5

Action                   |  1- 3 |  4- 6 |  7- 9 || total
-------------------------+-------+-------+-------++-------
Melee: War axe           |    98 |    81 |   249 ||   428
       Tailslap          |     3 |     9 |    28 ||    40
       Headbutt          |       |       |    11 ||    11
Evoke: Wand              |       |       |     1 ||     1
  Use: Scroll            |     5 |     3 |    11 ||    19
       Potion            |       |     5 |     7 ||    12
Armor: Scale mail        |    52 |    26 |   101 ||   179
       Ring mail         |       |       |    43 ||    43
Dodge: Dodged            |    46 |    32 |   136 ||   214
Block: Buckler           |    35 |    24 |    95 ||   154
